 Dungeon Crawl Stone Soup version bcrawl-1.21.2-20-g6d45ba5942 (webtiles) character file.

Game seed: 4880611139836575506

217 BeastOfSaturn the Shooter (level 5, 0/29 HPs)
             Began as a Vine Stalker Arcane Marksman on Feb 29, 2020.
             Slain by an ogre
             ... wielding a cursed -1 giant club
              (8 damage)
             ... on level 4 of the Dungeon.
             The game lasted 00:08:58 (1654 turns).

BeastOfSaturn the Shooter (VSAM)                    Turns: 1654, Time: 00:08:59

Health: 0/29       AC:  4    Str: 13    XL:     5   Next: 94%
Magic:  5/9        EV: 12    Int: 14    God:
Gold:   229        SH:  0    Dex: 14    Spells: 2/8 levels left

rFire    . . .     SeeInvis .   a - +1 shortbow
rCold    + . .     Gourm    .   (shield currently unavailable)
rNeg     . . .     Faith    .   k - +0 leather armour
rPois    .         Spirit   .   (no helmet)
rElec    .         Reflect  .   (no cloak)
rCorr    .         Harm     .   (no gloves)
MR       .....                  r - +0 pair of boots
Stlth    +.........             (no amulet)
HPRegen  0.49/turn              j - ring of protection from cold
MPRegen  0.11/turn              (no ring)

@: very slightly contaminated
A: fangs 2, regeneration 1, no potion heal 3, rot immunity, strong jaws
a: no special abilities


You were on level 4 of the Dungeon.
You were hungry.

You visited 1 branch of the dungeon, and saw 4 of its levels.

You collected 229 gold pieces.

Inventory:

Hand Weapons
 a - a +1 shortbow (weapon)
 b - a +0 war axe
 d - a +0 dagger of speed
 t - a +0 dagger
Missiles
 f - 136 arrows (quivered)
Armour
 c - a +0 robe
 k - a +0 leather armour (worn)
 l - a -2 pair of boots
 r - a +0 pair of boots (worn)
Jewellery
 j - a ring of protection from cold (left hand)
Scrolls
 n - a scroll of enchant armour {unknown}
 o - 2 scrolls of teleportation {unknown}
 p - 2 scrolls of identify {unknown}
 q - a scroll of remove curse
Potions
 g - a potion of lignification {unknown}
 h - a potion of degeneration {unknown}
 i - 2 potions of heal wounds {unknown}
 m - a potion of curing {unknown}
Comestibles
 e - 7 rations {!d}
 s - 3 chunks of flesh


   Skills:
 + Level 1.3 Fighting
 * Level 4.2 Bows
 * Level 1.5 Armour
 + Level 2.0 Dodging
 + Level 0.2 Stealth
 + Level 2.4 Spellcasting
 * Level 3.5 Hexes


You had 2 spell levels left.
You knew the following spells:

 Your Spells              Type           Power        Failure   Level  Hunger
a - Corona                Hex            ##.....      7%          1    #......
b - Shackle               Hex            ##......     10%         2    ###....
c - Inner Flame           Hex/Fire       N/A          38%         3    ###....

Your spell library contained the following spells:

 Spells                   Type           Power        Failure   Level  Hunger
 False Image              Hex/Summ       #.......     38%         3    ###....
 Cause Fear               Hex            ##........   54%         4    #####..
 Yara's Violent Unravell  Hex/Tmut       #.........   80%         4    #####..


Dungeon Overview and Level Annotations

Branches:
Dungeon (4/12)
 Temple: D:4-7

Altars:
Dithmenos

Annotations:
D:3 Jessica, Sigmund


Innate Abilities, Weirdness & Mutations

You have extremely sharp teeth.
Your natural rate of healing is unusually fast.
Potions cannot restore your health.
You are immune to rotting.
Your bites deal extra damage.


Message History

You are too injured to fight recklessly!
Firing (i - inventory)
f - 138 arrows (quivered)
Press: ? - help, Shift-Dir - straight line, f/p - ogre
Aim: an ogre, wielding a -1 giant club (heavily wounded)
You shoot an arrow. The arrow hits the orc.
The orc is heavily wounded.
The orc hits you with a +0 hand axe.
Firing (i - inventory)
f - 137 arrows (quivered)
Press: ? - help, Shift-Dir - straight line, f/p - ogre
Aim: an ogre, wielding a -1 giant club (heavily wounded)
You shoot an arrow. The arrow hits the orc.
You kill the orc!
The orc priest invokes the aid of Beogh against you.
Beogh smites you!
* * * LOW HITPOINT WARNING * * *
The orc closely misses you. The ogre barely misses you. The orc misses you.
The ogre hits you with a cursed -1 giant club!
You die...

#......#
##'########
#..<.###..##
#..........#
#........†.#
#..........#
#....##...######
#######.........
#.......@.......
#.....oO........
#...............
#...............
#..)...o........
#......)........
#...............
#[^.###..####.##
#.).###..# #


You could see an ogre, an orc priest and an orc.

Vanquished Creatures
  A howler monkey (D:2)
  2 orc wizards
  An orc priest (D:4)
  2 adders (D:3)
  2 oozes
  3 worms
  A dart slug (D:2)
  2 leopard geckos (D:1)
  3 orcs
  A giant cockroach (D:1)
  4 goblins
  5 hobgoblins
  8 jackals
  4 kobolds
  5 bats
  4 frilled lizards
  3 rats
51 creatures vanquished.

Notes
Turn   | Place    | Note
-------+----------+-------------------------------------------
     0 | D:1      | BeastOfSaturn the Vine Stalker Arcane Marksman began the
                  | quest for the Orb.
     0 | D:1      | Reached XP level 1. HP: 11/11 MP: 4/4
    73 | D:1      | Reached skill level 2 in Bows
    77 | D:1      | Reached XP level 2. HP: 16/16 MP: 6/6
   351 | D:1      | Reached XP level 3. HP: 20/20 MP: 7/7
   358 | D:1      | Learned a level 2 spell: Shackle
   362 | D:1      | Learned a level 3 spell: Inner Flame
   816 | D:2      | Reached skill level 1 in Fighting
   816 | D:2      | Reached skill level 3 in Bows
   816 | D:2      | Reached skill level 1 in Armour
   816 | D:2      | Reached XP level 4. HP: 22/25 MP: 4/8
  1031 | D:2      | Reached XP level 5. HP: 21/29 MP: 9/9
  1317 | D:3      | Found a shadowy altar of Dithmenos.
  1471 | D:3      | Noticed Sigmund
  1474 | D:3      | Noticed Jessica
  1515 | D:4      | Reached skill level 4 in Bows
  1598 | D:4      | Noticed an ogre
  1654 | D:4      | Slain by an ogre

Skill      XL: |  1  2  3  4  5 |
---------------+----------------+-----
Bows           | 2 3 4 |  4.2
Fighting       | 1 |  1.3
Armour         | 1 |  1.5
Dodging        | |  2.0
Stealth        | |  0.2
Spellcasting   | |  2.4
Hexes          | |  3.5

Action                   |  1- 3 |  4- 6 || total
-------------------------+-------+-------++-------
 Fire: Shortbow          |    92 |    93 ||   185
 Cast: Shackle           |     5 |     5 ||    10
  Use: Scroll            |     1 |       ||     1
  Eat: Chunk             |       |     2 ||     2
Armor: Robe              |    11 |       ||    11
       Leather armour    |       |    11 ||    11
Dodge: Dodged            |    27 |    26 ||    53
